AoeStats
← tx4300542000

Arena

510114611Analyzed
1v1 RM · 1d ago on Sep 29, 2026· 32m 0s· 2 players
Game mode
Random Map
Map size
Tiny (2 player)
Population
200
Speed
Normal
Resources
Standard
Victory
Conquest
Starting age
Dark Age
Ending age
Imperial Age
RankedLock teamsTeams togetherTeam positionsShared explorationLock speedFull tech treeHidden civsTurbo modeCheats
Victory
Defeat
🇹🇼 Turks · Taiwan
835
+15
🇸🇪 Khmer · Sweden
824
-15
Ponta
9:44 Feudal Age
13:03 Castle Age
14:06 Double-Bit Axe
17:49 Gold Mining
19:02 Stone Mining
20:23 Wheelbarrow
20:08 Horse Collar
20:38 Fletching
21:35 Padded Archer Armor
22:01 Bodkin Arrow
22:58 Leather Archer Armor
30:11 Scale Barding Armor
32:00 Forging
tx4300542000
11:00 Feudal Age
14:55 Castle Age
13:51 Double-Bit Axe
13:59 Gold Mining
14:55 Horse Collar
15:53 Loom
18:21 Bow Saw
25:23 Padded Archer Armor
27:05 Wheelbarrow
31:49 Imperial Age
Connection lost

Rejoining the realm…

Still unreachable

The connection could not be restored.

Session expired

The server has moved on; the page needs a fresh start.